 Dungeon Crawl Stone Soup version 0.30.1-1-g62c8e00024 (webtiles) character file.

Game seed: 2327033704203646445

30 Gorgoleon the Firebug (level 3, 0/19 HPs)
             Began as a Deep Elf Fire Elementalist on July 17, 2023.
             Slain by Sigmund
             ... wielding a +0 scythe
              (6 damage)
             ... on level 2 of the Dungeon.
             The game lasted 00:05:57 (1630 turns).

Gorgoleon the Firebug (Deep Elf Fire Elementalist)  Turns: 1630, Time: 00:05:57

Health: 0/19       AC:  3    Str:  5 (7)  XL:     3   Next: 5%
Magic:  7/9        EV: 12    Int: 16 (19) God:
Gold:   70         SH:  0    Dex: 13 (15) Spells: 5/8 levels left

rFire   . . .        l - +0 short sword
rCold   . . .        (no shield)
rNeg    . . .        a - +0 robe
rPois   .            (no helmet)
rElec   .            i - +0 cloak
rCorr   .            (no gloves)
SInv    .            (no boots)
Will    .....        (no amulet)
Stlth   +            (no ring)
HPRegen 0.23/turn    (no ring)
MPRegen 0.11/turn

%: no passive effects
@: confused, flying
A: deterioration 1, wild magic 1
a: no special abilities


You were on level 2 of the Dungeon.
You visited 1 branch of the dungeon, and saw 2 of its levels.

You collected 70 gold pieces.

Inventory:

Hand Weapons
 l - a +0 short sword (weapon)
Armour
 a - a +0 robe (worn)
 i - a +0 cloak (worn)
Scrolls
 c - a scroll of brand weapon {unknown}
 f - a scroll of teleportation {unknown}
 g - a scroll of fear {unknown}
 h - 2 scrolls of identify {unknown}
 k - a scroll of poison {unknown}
Potions
 b - a potion of magic
 d - a potion of degeneration


   Skills:
 + Level 2.7 Dodging
 - Level 2.6 Stealth
 - Level 3.2 Spellcasting
 + Level 1.5 Conjurations
 + Level 4.1 Fire Magic


You had 5 spell levels left.
You knew the following spells:

 Your Spells              Type           Power      Damage    Failure   Level
a - Foxfire               Conj/Fire      60%        2x1d7     9%          1
b - Scorch                Fire           40%        2d6       8%          2

Your spell library contained the following spells:

 Spells                   Type           Power      Damage    Failure   Level
 Inner Flame              Hex/Fire       12%        N/A       32%         3
 Volatile Blastmotes      Fire/Tloc      24%        2d12      32%         3
 Flame Wave               Conj/Fire      15%        2d7       58%         4


Dungeon Overview and Level Annotations

Branches:
Dungeon (2/15)

Altars:

Shops:
D:1 ?

Annotations:
D:2 Sigmund


Innate Abilities, Weirdness & Mutations

Your body sometimes deteriorates upon taking damage.
Your spells are a little harder to cast, but a little more powerful.


Message History

Casting: Foxfire (safe; 4% risk of failure)
Confirm with . or Enter, or press ? or * to list all spells.
You conjure some foxfire!
Sigmund points at you and mumbles some strange words.
The magic dart hits you!
Ouch! That really hurt!
The foxfire hits Sigmund but does no damage.
Sigmund is lightly wounded.
The foxfire hits Sigmund but does no damage.
Sigmund is lightly wounded.
Casting: Foxfire (safe; 4% risk of failure)
Confirm with . or Enter, or press ? or * to list all spells.
You conjure some foxfire!
The foxfire hits Sigmund.
Sigmund is moderately wounded.
The foxfire hits Sigmund.
Sigmund is moderately wounded.
Sigmund casts a spell.
Sigmund flickers and vanishes!
Deactivating autopickup; reactivate with Ctrl-A.
It was a potion of degeneration.
There was something very wrong with that liquid.
You feel weakened.
You feel dopey.
You feel clumsy.
It was a potion of flight.
You feel very buoyant.
You fly up into the air.
You hear some strange, mumbled words.
A puff of flame appears from out of thin air!
The puff of flame misses you.
It was a potion of mutation.
You feel extremely strange.
You feel less in control of your magic.
You feel yourself wasting away.
You hear some strange, mumbled words.
You are confused.
Something hits you. Something hits you.
* * * LOW HITPOINT WARNING * * *
Your body deteriorates!
You feel dopey. Something barely misses you. Something hits you.
You die...

..
...............##.#
# (.
######..########
... . ##..# ###
######...#
.........# #
######...# . #...#
# #...# #####.@.##
..........#
...........#
#####.....##
##..... #......
........ ###.....##
##...##


There were no monsters in sight!

Vanquished Creatures
  2 bats
  2 endoplasms (D:1)
  8 goblins
  5 hobgoblins
  A quokka (D:1)
  A ball python (D:2)
  A frilled lizard (D:1)
  3 kobolds
  3 rats
26 creatures vanquished.

Vanquished Creatures (others)
  59 foxfires
59 creatures vanquished.

Grand Total: 85 creatures vanquished

Notes
Turn   | Place    | Note
-------+----------+-------------------------------------------
     0 | D:1      | Gorgoleon the Deep Elf Fire Elementalist began the quest
                  | for the Orb.
     0 | D:1      | Reached XP level 1. HP: 10/10 MP: 6/6
   263 | D:1      | Reached XP level 2. HP: 15/15 MP: 2/8
   266 | D:1      | Learned a level 2 spell: Scorch
   618 | D:1      | Found Sotujen's Magic Scroll Shoppe.
   784 | D:1      | Reached skill level 4 in Fire Magic
  1124 | D:2      | Found a faded altar of an unknown god.
  1306 | D:2      | Reached XP level 3. HP: 19/19 MP: 6/9
  1614 | D:2      | Noticed Sigmund
  1626 | D:2      | Gained mutation: Your spells are a little harder to cast,
                  | but a little more powerful. [potion of mutation]
  1626 | D:2      | Gained mutation: Your body sometimes deteriorates upon
                  | taking damage. [potion of mutation]
  1630 | D:2      | Slain by Sigmund

Illustrated notes

Levels and vault maps discovered:
D:1:      psy_arrival_fountain, layout_basic, serial_shops,
          nicolae_shop_hallway_plus
D:2:      layout_loops_ring, shapermc_ecumenical_altar_gd, kennysheep_potato,
          uniq_sigmund

Skill      XL: |  1  2 |
---------------+-------+-----
Fire Magic     | 4 |  4.1
Dodging        | |  2.7
Stealth        | |  2.6
Spellcasting   | |  3.2
Conjurations   | |  1.5

Action                     || total
---------------------------++-------
  Melee: Trident           ||     4
         Rapier            ||    11
         Punch             ||     1
   Cast: Foxfire           ||    35
         Scorch            ||     1
    Use: Potion            ||     3
   Stab: Sleeping          ||     1
 Armour: Robe              ||     3
  Dodge: Dodged            ||    20
